| TOP OF THE 1ST |
|
Birmingham Barons batting - Pitching for Jacksonville Suns : RHP Tim Crews
|
|
Pitching: RHP Tim Crews
|
|
|
Batting: RHB Robin Townley
|
0-0: Ball 1-0: Ball 2-0: Fly out, F7 (Line Drive, 7D, EV 94.4 MPH)
|
|
Batting: LHB Herm Winningham
|
0-0: Ball 1-0: Foul Ball, location: 2F 1-1: Ball 2-1: Bunted foul 2-2: Foul Ball, location: 2F 2-2: Fly out, F6 (Popup, 6, EV 41.9 MPH)
|
|
Batting: RHB Tim Hulett
|
0-0: Ball 1-0: Fly out, F8 (Line Drive, 8LM, EV 99.4 MPH)
|
| Top of the 1st over - 0 runs, 0 hits, 0 errors, 0 left on base; Birmingham 0 - Jacksonville 0 |
| BOTTOM OF THE 1ST |
|
Jacksonville Suns batting - Pitching for Birmingham Barons : RHP Gregory DeHart
|
|
Pitching: RHP Gregory DeHart
|
|
|
Batting: RHB Lyle Brackenridge
|
0-0: Called Strike 0-1: Foul Ball, location: 2F 0-2: Foul Ball, location: 2F 0-2: Ball 1-2: Ball 2-2: Ball 3-2: Fly out, F8 (Line Drive, 8LM, EV 97.5 MPH)
|
|
Batting: SHB Joe Morales
|
0-0: Called Strike 0-1: Foul Ball, location: 2F 0-2: Ground out 4-3 (Groundball, 34, EV 85.6 MPH)
|
|
Batting: LHB Andy Carlton
|
0-0: Ball 1-0: Foul Ball, location: 2F 1-1: Foul Ball, location: 2F 1-2: Foul Ball, location: 2F 1-2: Ball 2-2: Ball 3-2: Foul Ball, location: 2F 3-2: Base on Balls
|
|
Batting: RHB Edward Packard
|
0-0: Ball 1-0: Ball 2-0: Called Strike 2-1: Foul Ball, location: 2F 2-2: 2-RUN HOME RUN (Flyball, 7LD, EV 102.5 MPH), Distance : 347 ft
|
|
Batting: LHB Pete M O'Brien
|
0-0: Ball 1-0: Called Strike 1-1: Ground out 4-3 (Groundball, 4, EV 83.1 MPH)
|
| Bottom of the 1st over - 2 runs, 1 hit, 0 errors, 0 left on base; Birmingham 0 - Jacksonville 2 |
| TOP OF THE 2ND |
|
Birmingham Barons batting - Pitching for Jacksonville Suns : RHP Tim Crews
|
|
Batting: LHB Vernon Ramie
|
0-0: Ball 1-0: Swinging Strike 1-1: Ball 2-1: Foul Ball, location: 2F 2-2: Foul Ball, location: 2F 2-2: Foul Ball, location: 2F 2-2: Fly out, F7 (Flyball, 78M, EV 78.8 MPH)
|
|
Batting: RHB Jordan Arredondo
|
0-0: Called Strike 0-1: Ball 1-1: Ball 2-1: Foul Ball, location: 2F 2-2: SINGLE (Groundball, 6MD, EV 105.6 MPH)
|
|
Batting: LHB Joe Szekely
|
0-0: Ball 1-0: Called Strike 1-1: Grounds into double play, 5-4-3 (Groundball, 5, EV 80.0 MPH)
|
| Top of the 2nd over - 0 runs, 1 hit, 0 errors, 0 left on base; Birmingham 0 - Jacksonville 2 |
| BOTTOM OF THE 2ND |
|
Jacksonville Suns batting - Pitching for Birmingham Barons : RHP Gregory DeHart
|
|
Batting: LHB Dave Baker
|
0-0: Ball 1-0: Ball 2-0: Ball 3-0: Base on Balls
|
|
Batting: LHB Michael Kelly
|
0-0: Ball 1-0: Grounds into double play, 5-4-3 (Groundball, 56, EV 98.1 MPH)
|
|
Batting: RHB Mark Nocciolo
|
0-0: Called Strike 0-1: Ball 1-1: Swinging Strike 1-2: Foul Ball, location: 2F 1-2: SINGLE (Groundball, 25, EV 68.1 MPH) (infield hit)
|
|
Batting: LHB Donald Seeker
|
0-0: Ball 1-0: Called Strike 1-1: Called Strike 1-2: Foul Ball, location: 2F 1-2: Foul Ball, location: 2F 1-2: SINGLE (Groundball, 4D, EV 98.8 MPH) Mark Nocciolo to second Mark Nocciolo to third
|
|
Batting: RHB Lyle Brackenridge
|
0-0: Ball 1-0: Ball 2-0: Foul Ball, location: 2F 2-1: Hit by Pitch Donald Seeker to second
|
|
Batting: SHB Joe Morales
|
0-0: Ball 1-0: Called Strike 1-1: Ball 2-1: Ball 3-1: Foul Ball, location: 2F 3-2: Foul Ball, location: 2F 3-2: Base on Balls Mark Nocciolo scores Donald Seeker to third Lyle Brackenridge to second
|
|
Batting: LHB Andy Carlton
|
0-0: Ball 1-0: Ball 2-0: Fielders Choice at 2nd, 6-4 (Groundball, 6, EV 83.1 MPH)
|
| Bottom of the 2nd over - 1 run, 2 hits, 0 errors, 3 left on base; Birmingham 0 - Jacksonville 3 |
| TOP OF THE 3RD |
|
Birmingham Barons batting - Pitching for Jacksonville Suns : RHP Tim Crews
|
|
Batting: RHB Bob Bathe
|
0-0: Foul Ball, location: 2F 0-1: Ball 1-1: Fly out, F8 (Flyball, 78D, EV 103.1 MPH)
|
|
Batting: SHB Giampietro Pasquetto
|
0-0: Ball 1-0: Ball 2-0: Fly out, F8 (Line Drive, 8LD, EV 104.4 MPH)
|
|
Batting: RHB Thomas Echstenkamper
|
0-0: Ball 1-0: DOUBLE (Flyball, 8LXD, EV 112.5 MPH)
|
|
Batting: RHB Robin Townley
|
0-0: Foul Ball, location: 2F 0-1: Called Strike 0-2: Ball 1-2: Fly out, F6 (Popup, 6M, EV 50.6 MPH)
|
| Top of the 3rd over - 0 runs, 1 hit, 0 errors, 1 left on base; Birmingham 0 - Jacksonville 3 |
| BOTTOM OF THE 3RD |
|
Jacksonville Suns batting - Pitching for Birmingham Barons : RHP Gregory DeHart
|
|
Batting: RHB Edward Packard
|
0-0: Foul Ball, location: 2F 0-1: Ball 1-1: Ball 2-1: Ball 3-1: Called Strike 3-2: Foul Ball, location: 2F 3-2: Base on Balls
|
|
Batting: LHB Pete M O'Brien
|
0-0: Ball 1-0: Ball 2-0: Called Strike 2-1: Fly out, F7 (Flyball, 7S, EV 78.1 MPH)
|
|
Batting: LHB Dave Baker
|
0-0: Ball 1-0: Foul Ball, location: 2F 1-1: Ball 2-1: Foul Ball, location: 2F 2-2: SINGLE (Groundball, 4MD, EV 98.8 MPH) Edward Packard to second Runner from 2nd tries for 3rd, SAFE, throw by CF made to third
|
|
Batting: LHB Michael Kelly
|
0-0: Fly out, F5 (Popup, 5S, EV 84.4 MPH)
|
|
Batting: RHB Mark Nocciolo
|
0-0: Foul Ball, location: 2F 0-1: Called Strike 0-2: Ball 1-2: Ball 2-2: Ball 3-2: Strikes out swinging
|
| Bottom of the 3rd over - 0 runs, 1 hit, 0 errors, 2 left on base; Birmingham 0 - Jacksonville 3 |
| TOP OF THE 4TH |
|
Birmingham Barons batting - Pitching for Jacksonville Suns : RHP Tim Crews
|
|
Batting: LHB Herm Winningham
|
0-0: Ball 1-0: Ball 2-0: Ball 3-0: Base on Balls
|
|
Batting: RHB Tim Hulett
|
0-0: Ball 1-0: Ball 2-0: DOUBLE (Flyball, 89XD, EV 94.4 MPH) Herm Winningham to third
|
|
Batting: LHB Vernon Ramie
|
0-0: Foul Ball, location: 2F 0-1: Called Strike 0-2: Ball 1-2: Foul Ball, location: 2F 1-2: Foul Ball, location: 2F 1-2: Ball 2-2: Foul Ball, location: 2F 2-2: Ball 3-2: Fly out, F8 (Flyball, 8RXD, EV 95.6 MPH) Runner from 3rd tags up, SCORES, no throw by CF
|
|
Batting: RHB Jordan Arredondo
|
0-0: Swinging Strike 0-1: Foul Ball, location: 2F 0-2: Foul Ball, location: 2F 0-2: Strikes out swinging
|
|
Batting: LHB Joe Szekely
|
0-0: Ball 1-0: Ball 2-0: Called Strike 2-1: Ground out 1-3 (Groundball, 13S, EV 73.1 MPH)
|
| Top of the 4th over - 1 run, 1 hit, 0 errors, 1 left on base; Birmingham 1 - Jacksonville 3 |
| BOTTOM OF THE 4TH |
|
Jacksonville Suns batting - Pitching for Birmingham Barons : RHP Gregory DeHart
|
|
Batting: LHB Donald Seeker
|
0-0: Ball 1-0: Ball 2-0: Ball 3-0: Called Strike 3-1: Base on Balls
|
|
Batting: RHB Lyle Brackenridge
|
0-0: Ball 1-0: Ball 2-0: Called Strike 2-1: Fielders Choice at 2nd, 5-4 (Groundball, 56S, EV 88.8 MPH)
|
|
Batting: SHB Joe Morales
|
0-0: Ball 1-0: Ball 2-0: Ball 3-0: Called Strike 3-1: Fielders Choice at 2nd, 5-4 (Groundball, 25, EV 86.9 MPH)
|
|
Batting: LHB Andy Carlton
|
0-0: Ball 1-0: Called Strike 1-1: Ball 2-1: Foul Ball, location: 2F 2-2: Fielders Choice at 2nd, U6 (Groundball, 6M, EV 86.9 MPH)
|
| Bottom of the 4th over - 0 runs, 0 hits, 0 errors, 1 left on base; Birmingham 1 - Jacksonville 3 |
| TOP OF THE 5TH |
|
Birmingham Barons batting - Pitching for Jacksonville Suns : RHP Tim Crews
|
|
Batting: RHB Bob Bathe
|
0-0: Ball 1-0: Called Strike 1-1: Ball 2-1: Called Strike 2-2: Strikes out looking
|
|
Batting: SHB Giampietro Pasquetto
|
0-0: Fly out, F8 (Flyball, 8LM, EV 90.6 MPH)
|
|
Batting: RHB Thomas Echstenkamper
|
0-0: Ball 1-0: Ball 2-0: Ball 3-0: Called Strike 3-1: Base on Balls
|
|
Batting: RHB Robin Townley
|
0-0: Called Strike 0-1: Called Strike 0-2: Fly out, F5 (Line Drive, 5, EV 62.5 MPH)
|
| Top of the 5th over - 0 runs, 0 hits, 0 errors, 1 left on base; Birmingham 1 - Jacksonville 3 |
| BOTTOM OF THE 5TH |
|
Jacksonville Suns batting - Pitching for Birmingham Barons : RHP Gregory DeHart
|
|
Batting: RHB Edward Packard
|
0-0: Ball 1-0: DOUBLE (Flyball, 8RXD, EV 104.4 MPH)
|
|
Batting: LHB Pete M O'Brien
|
0-0: Swinging Strike 0-1: SINGLE (Groundball, 6MD, EV 102.5 MPH) Edward Packard to third
|
|
Batting: LHB Dave Baker
|
0-0: Ball 1-0: Ball 2-0: Ball 3-0: Base on Balls Pete M O'Brien to second
|
|
Batting: LHB Michael Kelly
|
0-0: Ball Wild Pitch! Edward Packard scores Pete M O'Brien to third Dave Baker to second 1-0: Called Strike 1-1: Foul Ball, location: 2F 1-2: Fly out, F7 (Flyball, 7, EV 88.1 MPH) Runner from 3rd tags up, OUT at HOME! 7-2 Dave Baker to third
|
|
Batting: RHB Mark Nocciolo
|
0-0: Ball 1-0: Swinging Strike 1-1: Foul Ball, location: 2F 1-2: Foul Ball, location: 2F 1-2: Foul Ball, location: 2F 1-2: Foul Ball, location: 2F 1-2: Ball 2-2: Strikes out looking
|
| Bottom of the 5th over - 1 run, 2 hits, 0 errors, 1 left on base; Birmingham 1 - Jacksonville 4 |
| TOP OF THE 6TH |
|
Birmingham Barons batting - Pitching for Jacksonville Suns : RHP Tim Crews
|
|
Batting: LHB Herm Winningham
|
0-0: Ball 1-0: Ball 2-0: Fly out, F9 (Flyball, 9LS, EV 81.9 MPH)
|
|
Batting: RHB Tim Hulett
|
0-0: Ball 1-0: Ball 2-0: Called Strike 2-1: Called Strike 2-2: Foul Ball, location: 2F 2-2: Fly out, F5 (Line Drive, 5, EV 65.0 MPH)
|
|
Batting: LHB Vernon Ramie
|
0-0: Ball 1-0: DOUBLE (Groundball, 5L, EV 107.5 MPH)
|
|
Batting: RHB Jordan Arredondo
|
0-0: Fly out, F8 (Line Drive, 8LD, EV 83.8 MPH)
|
| Top of the 6th over - 0 runs, 1 hit, 0 errors, 1 left on base; Birmingham 1 - Jacksonville 4 |
| BOTTOM OF THE 6TH |
|
Jacksonville Suns batting - Pitching for Birmingham Barons : RHP Gregory DeHart
|
|
Batting: LHB Donald Seeker
|
0-0: Bunted foul 0-1: Ball 1-1: Ball 2-1: Ground out 6-3 (Groundball, 6, EV 98.1 MPH)
|
|
Batting: RHB Lyle Brackenridge
|
0-0: Ball 1-0: Swinging Strike 1-1: Foul Ball, location: 2F 1-2: Ball 2-2: Fly out, F4 (Line Drive, 4M, EV 81.3 MPH)
|
|
Batting: SHB Joe Morales
|
0-0: Foul Ball, location: 2F 0-1: Ball 1-1: Foul Ball, location: 2F 1-2: SINGLE (Groundball, 25, EV 61.9 MPH) (infield hit)
|
|
Pitching: RHP Jim Gerlach
|
|
|
Batting: LHB Andy Carlton
|
0-0: Ball 1-0: Foul Ball, location: 2F 1-1: Foul Ball, location: 2F 1-2: Ball 2-2: Foul Ball, location: 2F 2-2: 2-RUN HOME RUN (Flyball, 9D, EV 98.1 MPH), Distance : 351 ft
|
|
Batting: RHB Edward Packard
|
0-0: Ball 1-0: Foul Ball, location: 2F 1-1: Swinging Strike 1-2: Ball 2-2: Strikes out swinging
|
| Bottom of the 6th over - 2 runs, 2 hits, 0 errors, 0 left on base; Birmingham 1 - Jacksonville 6 |
| TOP OF THE 7TH |
|
Birmingham Barons batting - Pitching for Jacksonville Suns : RHP Tim Crews
|
|
Batting: LHB Joe Szekely
|
0-0: Fly out, F7 (Flyball, 7S, EV 86.9 MPH)
|
|
Batting: RHB Bob Bathe
|
0-0: Called Strike 0-1: SOLO HOME RUN (Flyball, 7LD, EV 107.5 MPH), Distance : 374 ft
|
|
Batting: SHB Giampietro Pasquetto
|
0-0: Ball 1-0: Ball 2-0: Fly out, F5 (Popup, 5, EV 73.1 MPH)
|
|
Batting: RHB Thomas Echstenkamper
|
0-0: Fly out, F8 (Flyball, 8LXD, EV 92.5 MPH)
|
| Top of the 7th over - 1 run, 1 hit, 0 errors, 0 left on base; Birmingham 2 - Jacksonville 6 |
| BOTTOM OF THE 7TH |
|
Jacksonville Suns batting - Pitching for Birmingham Barons : RHP Jim Gerlach
|
|
Batting: LHB Pete M O'Brien
|
0-0: Ball 1-0: SOLO HOME RUN (Flyball, 89XD, EV 88.1 MPH), Distance : 419 ft
|
|
Batting: LHB Dave Baker
|
0-0: Ball 1-0: Foul Ball, location: 2F 1-1: Swinging Strike 1-2: Ball 2-2: TRIPLE (Flyball, 8RXD, EV 100.0 MPH)
|
|
Batting: LHB Michael Kelly
|
0-0: Called Strike 0-1: Swinging Strike 0-2: Ball 1-2: Fly out, F8 (Line Drive, 8LM, EV 89.4 MPH)
|
|
Batting: RHB Mark Nocciolo
|
0-0: Ball 1-0: Called Strike 1-1: Foul Ball, location: 2F 1-2: Strikes out swinging
|
|
Batting: LHB Donald Seeker
|
0-0: 2-RUN HOME RUN (Flyball, 89XD, EV 106.3 MPH), Distance : 405 ft
|
|
Batting: RHB Lyle Brackenridge
|
0-0: Ball 1-0: Ground out 4-3 (Groundball, 4, EV 81.9 MPH)
|
| Bottom of the 7th over - 3 runs, 3 hits, 0 errors, 0 left on base; Birmingham 2 - Jacksonville 9 |
| TOP OF THE 8TH |
|
Birmingham Barons batting - Pitching for Jacksonville Suns : RHP Tim Crews
|
|
Batting: RHB Robin Townley
|
0-0: Swinging Strike 0-1: Called Strike 0-2: Ball 1-2: Ball 2-2: SINGLE (Groundball, 56D, EV 101.9 MPH)
|
|
Pinch Hitting: RHB Timothy Tveit
|
0-0: Ball 1-0: Swinging Strike 1-1: Called Strike 1-2: Foul Ball, location: 2F 1-2: Strikes out swinging
|
|
Pinch Hitting: SHB James Wallace
|
0-0: Swinging Strike 0-1: Ball 1-1: Ball 2-1: Called Strike 2-2: Ball 3-2: Base on Balls Robin Townley to second
|
|
Pinch Hitting: LHB Jeffrey Hardy
|
0-0: Reached on error, E6 (Groundball, 6M, EV 106.9 MPH) Robin Townley to third James Wallace to second
|
|
Batting: RHB Jordan Arredondo
|
0-0: Ball 1-0: Called Strike 1-1: Ball 2-1: Fly out, F7 (Flyball, 7S, EV 94.4 MPH)
|
|
Batting: LHB Joe Szekely
|
0-0: Foul Ball, location: 2F 0-1: Fly out, F8 (Flyball, 8LXD, EV 91.9 MPH)
|
| Top of the 8th over - 0 runs, 1 hit, 1 error, 3 left on base; Birmingham 2 - Jacksonville 9 |
| BOTTOM OF THE 8TH |
|
Jacksonville Suns batting - Pitching for Birmingham Barons : RHP Jim Gerlach
|
|
Now at 1B: Timothy Tveit
|
|
|
Now at 2B: James Wallace
|
|
|
Now in RF: Anthony Veith
|
|
|
Batting: SHB Joe Morales
|
0-0: Called Strike 0-1: Fly out, F9 (Flyball, 9S, EV 84.4 MPH)
|
|
Pinch Hitting: LHB John Millholland
|
0-0: Ground out 6-3 (Groundball, 6, EV 109.4 MPH)
|
|
Batting: RHB Edward Packard
|
0-0: Called Strike 0-1: DOUBLE (Line Drive, 8RXD, EV 104.4 MPH)
|
|
Batting: LHB Pete M O'Brien
|
0-0: Foul Ball, location: 2F 0-1: Foul Ball, location: 2F 0-2: Strikes out looking
|
| Bottom of the 8th over - 0 runs, 1 hit, 0 errors, 1 left on base; Birmingham 2 - Jacksonville 9 |
| TOP OF THE 9TH |
|
Birmingham Barons batting - Pitching for Jacksonville Suns : RHP Tim Crews
|
|
Now at 2B: John Millholland
|
|
|
Batting: RHB Bob Bathe
|
0-0: Foul Ball, location: 2F 0-1: Ball 1-1: Ball 2-1: Foul Ball, location: 2F 2-2: Foul Ball, location: 2F 2-2: Ball 3-2: SINGLE (Groundball, P, EV 91.3 MPH) (infield hit)
|
|
Batting: SHB Giampietro Pasquetto
|
0-0: Grounds into double play, 4-6-3 (Groundball, 4, EV 100.6 MPH)
|
|
Batting: RHB Thomas Echstenkamper
|
0-0: Fly out, F8 (Flyball, 8RM, EV 87.5 MPH)
|
| Top of the 9th over - 0 runs, 1 hit, 0 errors, 0 left on base; Birmingham 2 - Jacksonville 9 |
|